 Dungeon Crawl Stone Soup version 0.17-a0-670-g5d95ebd (console) character file.

7581 hyperkellhus the Martial Artist (level 10, 0/69 HPs)
             Began as a Demonspawn Chaos Knight on Apr 18, 2015.
             Slain by a small abomination (12 damage)
             ... summoned by the capriciousness of Xom
             ... on level 9 of the Dungeon.
             The game lasted 00:29:10 (11125 turns).

hyperkellhus the Martial Artist (DsCK)             Turns: 11125, Time: 00:29:10

Health: 0/69       AC: 17    Str: 12    XL:     10   Next: 97%
Magic:  9/9        EV: 17    Int: 15    God:    Xom [.*....]
Gold:   229        SH:  0    Dex: 18    Spells: 1 memorised, 7 levels left

rFire  + . .     SeeInvis .       - Unarmed
rCold  . . .     Clarity  .     F - +8 ring mail of Repulsion {rF+}
rNeg   . . .     SustAb   .     (no shield)
rPois  .         Gourm    .     (helmet restricted)
rElec  .         Spirit   .     R - +2 cloak {MR+}
rCorr  .         Warding  .     (no gloves)
rMut   .         Stasis   .     (boots unavailable)
MR     +....                    X - amulet of regeneration
Stlth  +.........               A - +2 ring of evasion
                                k - +3 ring of dexterity

@: very slightly contaminated, hasted, very quick, somewhat resistant to hostile
enchantments, very unstealthy
A: antennae 2, beak, claws 2, hooves 3, blurry vision 1, frail 1, low mp 1, rot
immunity
a: Renounce Religion


You were on level 9 of the Dungeon.
You worshipped Xom.
You were a plaything of Xom.
You were not hungry.

You visited 1 branch of the dungeon, and saw 9 of its levels.

You collected 566 gold pieces.
You spent 337 gold pieces at shops.

Inventory:

Armour
 F - the +8 ring mail of Repulsion (worn) {rF+}
   (You bought it in a shop on level 4 of the Dungeon)

   It protects you from fire.
 R - a +2 cloak of magic resistance (worn)
Jewellery
 k - a +3 ring of dexterity (left claw)
 o - an uncursed amulet of resist mutation
 t - a -3 ring of strength
 A - a +2 ring of evasion (right claw)
 U - an uncursed amulet of stasis
 W - an uncursed amulet of faith
 X - an amulet of regeneration (around neck)
Scrolls
 e - 4 scrolls of identify
 v - a scroll of amnesia
 B - 4 scrolls of remove curse
 C - 3 scrolls of enchant weapon
 L - 2 scrolls of immolation {unknown}
 N - 2 scrolls of teleportation
 Q - a scroll of acquirement {unknown}
 T - a scroll of enchant armour {unknown}
 Z - a scroll of torment {unknown}
Potions
 d - 4 potions of brilliance
 J - 3 potions of curing
 P - a potion of ambrosia
Books
 w - a book of Burglary

   Spells                             Type                      Level
   a - Swiftness                      Charms/Air                   2
   b - Passwall                       Transmutation/Earth          3
   c - Passage of Golubria            Translocation                4
   d - Lee's Rapid Deconstruction     Earth                        5
   e - Invisibility                   Hexes                        6
   f - Darkness                       Hexes                        7
Comestibles
 c - 7 bread rations
 f - 2 meat rations
 G - a fruit
 H - 9 slices of pizza
 O - 10 chunks of flesh
 Y - 2 beef jerkies


   Skills:
 + Level 6.6 Fighting
 - Level 5.0 Armour
 - Level 7.0 Dodging
 - Level 12.0 Unarmed Combat


You had 7 spell levels left.
You knew the following spells:

 Your Spells              Type           Power        Failure   Level  Hunger
s - Swiftness             Chrm/Air       #.......     83%         2    ###....


Dungeon Overview and Level Annotations

Branches:
Dungeon (9/15)             Temple (0/1) D:7
   Lair: D:8-11         Orc: D:9-12

Altars:
Ashenzari
Cheibriados
Dithmenos
Elyvilon
Fedhas
Gozag
Kikubaaqudgha
Nemelex Xobeh
Okawaru
Qazlal
Trog
Xom
Zin
The Shining One

Shops:
D:4 [   D:6 [

Annotations:
D:3 exclusion: 2 downstairs
D:9 laxity's ghost, experienced NaTm


Innate Abilities, Weirdness & Mutations

You have a pair of antennae on your head.
You have very sharp fingernails.
You have hooves in place of feet.
You are immune to rotting.
You have a beak for a mouth.
Scrolls take you a little longer to read.
You are frail (-10% HP).
Your magical capacity is low (-10% MP).


Message History

Unknown command.
The killer bee stings you but does no damage.
The small abomination hits you! x2
* * * LOW HITPOINT WARNING * * *
Read which item? (? for menu, Esc to quit)
Okay, then.
Drink which item? (? for menu, Esc to quit)
You feel yourself speed up.
You feel sick. The killer bee stings you.
* * * LOW HITPOINT WARNING * * *
The killer bee misses you. The killer bee barely misses you.
The small abomination misses you. The killer bee misses you.
The small abomination misses you.
You are very lightly contaminated with residual magic.
Drink which item? (? for menu, Esc to quit)
You feel better. The killer bee misses you. The killer bee closely misses you.
The small abomination misses you. The killer bee barely misses you.
Unknown command.
The killer bee stings you but does no damage.
The small abomination hits you!
You die...

# # # ############
################@.yx........
............[..'yxx.........
...##+####+##..#.y§§........#
+###........#+##.§§§........#
..........................%.#
..................÷.........#
............................#
##+##)##'###..........}.....#
...........#................#


You could see 3 small abominations and 3 killer bees.

Vanquished Creatures
  The ghost of oplop the Blocker, an experienced MiFi of Okawaru (D:6)
  Pikel (D:6)
  The ghost of emiel the Grappler, an experienced MiTm of Cheibriados (D:7)
  A spiny frog (D:9)
  A troll (D:9)
  Sigmund (D:4)
  7 yaks
  A human (D:7)
  2 porcupines (D:9)
  4 slaves (D:6)
  Duvessa (D:6)
  3 orc warriors
  An ice beast (D:7)
  2 centaurs (D:8)
  3 ogres
  A necrophage (D:5)
  3 crocodiles (D:9)
  3 big kobolds
  Dowan (D:6)
  6 giant frogs
  A water moccasin skeleton (D:6)
  2 scorpions
  4 crimson imps
  4 killer bees (D:9)
  3 wights (D:8)
  A quasit (D:9)
  2 giant frog skeletons (D:4)
  13 orc wizards
  Crazy Yiuf (D:6)
  7 hounds
  2 jellies
  A centaur zombie (D:6)
  2 orc priests
  3 sheep (D:7)
  7 worker ants
  A killer bee zombie (D:6)
  A hound zombie (D:3)
  A worker ant zombie (D:5)
  A river rat (D:9)
  7 adders
  2 gnolls (D:5)
  2 shadow imps (D:5)
  2 oozes
  An adder skeleton (D:7)
  A worm (D:3)
  7 giant geckos
  19 orcs
  2 ball pythons
  13 bats
  6 giant cockroaches
  39 goblins
  43 hobgoblins
  6 jackals
  A quokka (D:5)
  5 giant newts
  13 kobolds
  14 rats
284 creatures vanquished.

Vanquished Creatures (collateral kills)
  Grinder (D:4)
  A yak (D:9)
  A big kobold (D:5)
  A killer bee (D:9)
  A crimson imp (D:4)
  3 kobolds (D:9)
8 creatures vanquished.

Vanquished Creatures (others)
  An orc wizard (D:4)
  An iron imp (D:7)
  A white imp (D:9)
  An ufetubus (D:3)
  A bush (D:9)
  A fungus (D:9)
  A plant (D:9)
7 creatures vanquished.

Grand Total: 299 creatures vanquished

Notes
Turn   | Place    | Note
--------------------------------------------------------------
     0 | D:1      | hyperkellhus, the Demonspawn Chaos Knight, began the quest for the Orb.
     0 | D:1      | Reached XP level 1. HP: 18/18 MP: 1/1
   201 | D:1      | Gained mutation: You have a pair of small antennae on your head. [demonic ancestry]
   201 | D:1      | Reached XP level 2. HP: 18/24 MP: 2/2
   433 | D:1      | XOM: mild Trmt miscast
   479 | D:1      | XOM: harmless Chrm miscast
  1053 | D:2      | Gained mutation: You have large cloven feet. [demonic ancestry]
  1053 | D:2      | Reached XP level 3. HP: 22/29 MP: 3/3
  1181 | D:2      | Found a shattered altar of Ashenzari.
  1280 | D:2      | Reached skill level 4 in Unarmed Combat
  1353 | D:2      | XOM: harmless Summ miscast
  1592 | D:2      | XOM: enchant monster (bad)
  1769 | D:3      | XOM: colour smoke trail
  1866 | D:3      | XOM: god gift: rapier {god gift}
  1885 | D:3      | XOM: give mutations
  1885 | D:3      | Gained mutation: You are frail (-10% HP). [Xom's mischief]
  1885 | D:3      | Gained mutation: You are weak. (Str -2) [Xom's mischief]
  1885 | D:3      | Lost mutation: You are weak. (Str -2) [Xom's mischief]
  2027 | D:3      | XOM: give mutations
  2027 | D:3      | Gained mutation: Scrolls take you a little longer to read. [Xom's mischief]
  2027 | D:3      | Gained mutation: Your magical capacity is low (-10% MP). [Xom's mischief]
  2291 | D:3      | XOM: harmless Necr miscast
  2308 | D:3      | XOM: summons friendly ufetubus
  2432 | D:3      | Gained mutation: You have hoof-like feet. [demonic ancestry]
  2432 | D:3      | Reached XP level 4. HP: 25/31 MP: 3/3
  2558 | D:3      | XOM: vitrification
  3124 | D:3      | Reached skill level 5 in Unarmed Combat
  3131 | D:3      | Gained mutation: You have sharp fingernails. [demonic ancestry]
  3131 | D:3      | Reached XP level 5. HP: 36/36 MP: 4/4
  3347 | D:3      | XOM: 1-stop teleportation journey
  3458 | D:3      | XOM: draining
  3684 | D:4      | Learned a level 2 spell: Swiftness
  3825 | D:4      | XOM: noise
  3885 | D:3      | XOM: colour smoke trail
  3901 | D:4      | Noticed Grinder
  3901 | D:4      | XOM: summons 4 friendly demons
  3907 | D:4      | Reached skill level 6 in Unarmed Combat
  3908 | D:4      | XOM: enchant monster (good)
  3913 | D:4      | Killed Grinder
  3913 | D:4      | Gained mutation: You have hooves in place of feet. [demonic ancestry]
  3913 | D:4      | Reached XP level 6. HP: 30/42 MP: 5/5
  4180 | D:3      | XOM: medium Hex miscast
  4221 | D:3      | Reached skill level 7 in Unarmed Combat
  4227 | D:4      | XOM: confuse monster(s)
  4426 | D:3      | Gained mutation: You are immune to rotting. [demonic ancestry]
  4426 | D:3      | Reached XP level 7. HP: 37/46 MP: 6/6
  4544 | D:4      | Noticed Sigmund
  4799 | D:4      | Noticed an ogre
  4996 | D:4      | Noticed an ogre
  5064 | D:4      | XOM: colour smoke trail
  5134 | D:4      | Found Vonlawne's Antique Armour Boutique.
  5170 | D:4      | Killed an ogre
  5170 | D:4      | Reached skill level 8 in Unarmed Combat
  5400 | D:4      | XOM: destruction
  5437 | D:4      | XOM: confuse monster(s)
  5444 | D:4      | Killed an ogre
  5509 | D:4      | Killed Sigmund
  5577 | D:5      | Entered Level 5 of the Dungeon
  5704 | D:5      | XOM: divination: detect items
  5709 | D:5      | XOM: divination: detect items
  5737 | D:5      | Reached skill level 9 in Unarmed Combat
  5737 | D:5      | Reached XP level 8. HP: 49/52 MP: 7/7
  5746 | D:5      | XOM: harmless Divn miscast
  5945 | D:5      | XOM: cast spell 'Dragon Form'
  6014 | D:4      | Bought a heavily runed ring mail for 189 gold pieces
  6024 | D:4      | Identified the +8 ring mail of Repulsion {rF+} (You bought it in a shop on level 4 of the Dungeon)
  6498 | D:5      | XOM: harmless Fire miscast
  6540 | D:5      | XOM: mild Divn miscast
  6685 | D:5      | XOM: confuse monster(s)
  6692 | D:5      | XOM: noise
  6716 | D:5      | XOM: cast spell 'Ring of Flames'
  6718 | D:5      | XOM: summons friendly quasit
  6897 | D:5      | Reached skill level 10 in Unarmed Combat
  7080 | D:5      | XOM: mild Chrm miscast
  7386 | D:6      | Noticed Pikel
  7431 | D:6      | XOM: divination: detect creatures
  7434 | D:6      | XOM: harmless Chrm miscast
  7569 | D:6      | XOM: cast spell 'Summon Small Mammal'
  7570 | D:6      | Killed Pikel
  7658 | D:6      | Reached skill level 5 in Armour
  7658 | D:6      | Gained mutation: You have very sharp fingernails. [demonic ancestry]
  7658 | D:6      | Reached XP level 9. HP: 52/56 MP: 8/8
  7795 | D:6      | Noticed Duvessa
  7804 | D:6      | XOM: cast spell 'Ring of Flames'
  7807 | D:6      | Killed Duvessa
  7808 | D:6      | Noticed Dowan
  7811 | D:6      | Killed Dowan
  7906 | D:6      | Noticed oplop's ghost (experienced MiFi)
  7907 | D:6      | XOM: enchant monster (good)
  7964 | D:6      | XOM: confuse monster(s)
  7991 | D:6      | Killed oplop's ghost
  8117 | D:6      | XOM: god gift: scroll labeled LUDIPR NUJATZI
  8234 | D:6      | Noticed Crazy Yiuf
  8261 | D:6      | Killed Crazy Yiuf
  8261 | D:6      | Reached skill level 1 in Dodging
  8430 | D:6      | XOM: harmless Erth miscast
  8435 | D:6      | XOM: cast spell 'Dispersal'
  8523 | D:6      | Found Qoqoil's Antique Armour Emporium.
  8572 | D:6      | Bought an embroidered cloak for 148 gold pieces
  8662 | D:7      | Found a stormy altar of Qazlal.
  8667 | D:7      | Found a shadowy altar of Dithmenos.
  8689 | D:7      | Noticed emiel's ghost (experienced MiTm)
  8698 | D:7      | XOM: cast spell 'Dispersal'
  8877 | D:7      | Found an opulent altar of Gozag.
  8935 | D:7      | XOM: blink monster(s)
  9007 | D:7      | XOM: harmless Conj miscast
  9012 | D:7      | XOM: summons friendly iron imp
  9024 | D:7      | XOM: blink monster(s)
  9041 | D:7      | Reached skill level 5 in Dodging
  9129 | D:7      | Found a staircase to the Ecumenical Temple.
  9267 | D:7      | XOM: scenery: create altars
  9304 | D:7      | Found an iron altar of Okawaru.
  9376 | D:7      | XOM: potion effect (invisibility)
  9384 | D:7      | Killed emiel's ghost
  9384 | D:7      | Gained mutation: You have a pair of antennae on your head. [demonic ancestry]
  9384 | D:7      | Reached XP level 10. HP: 68/68 MP: 9/9
  9530 | D:8      | Found a snail-covered altar of Cheibriados.
  9534 | D:8      | Found a sparkling altar of Nemelex Xobeh.
  9598 | D:8      | XOM: harmless Tloc miscast
  9672 | D:8      | Found an ancient bone altar of Kikubaaqudgha.
  9672 | D:8      | Found a blossoming altar of Fedhas.
  9756 | D:8      | XOM: divination: detect creatures
  9757 | D:8      | XOM: harmless Hex miscast
  9770 | D:8      | XOM: harmless Tloc miscast
  9958 | D:8      | Found a bloodstained altar of Trog.
 10230 | D:9      | Found a stormy altar of Qazlal.
 10237 | D:9      | Gained mutation: You have a beak for a mouth. [potion of beneficial mutation]
 10304 | D:9      | XOM: divination: detect items
 10336 | D:9      | Noticed laxity's ghost (experienced NaTm)
 10355 | D:9      | Found a glowing golden altar of the Shining One.
 10356 | D:9      | Found a white marble altar of Elyvilon.
 10358 | D:9      | Found a glowing silver altar of Zin.
 10444 | D:9      | XOM: harmless Tloc miscast
 10641 | D:9      | Reached skill level 11 in Unarmed Combat
 10670 | D:9      | XOM: confuse monster(s)
 10678 | D:9      | XOM: summons friendly white imp
 10720 | D:9      | XOM: cast spell 'Dispersal'
 10733 | D:9      | XOM: confuse monster(s)
 10742 | D:9      | XOM: polymorph black bear -> spiny frog
 10747 | D:9      | Reached skill level 12 in Unarmed Combat
 10981 | D:9      | XOM: mild Erth miscast
 11113 | D:9      | XOM: confusion
 11116 | D:9      | XOM: smoke on damage
 11117 | D:9      | XOM: medium Summ miscast
 11125 | D:9      | Slain by a small abomination

Action                   |  1- 3 |  4- 6 |  7- 9 | 10-12 || total
-------------------------+-------+-------+-------+-------++-------
Melee: Unarmed           |   185 |   152 |   400 |   300 ||  1037
  Use: Potion            |       |     6 |     5 |     6 ||    17
       Scroll            |       |       |    10 |     1 ||    11
 Stab: Confused          |       |       |     3 |       ||     3
       Distracted        |       |       |     1 |       ||     1
       Invisible         |       |       |     2 |     2 ||     4
  Eat: Chunk             |     4 |     7 |    15 |     7 ||    33
       Pizza             |       |       |     1 |       ||     1
       Fruit             |       |       |       |     2 ||     2
